 Dungeon Crawl Stone Soup version 0.32-a0-656-g3542139ebd (webtiles) character file.

Game seed: 9233880438038891465

311 CougarLife the Digger (level 6, -10/32 HPs)
             Began as a Gargoyle Earth Elementalist on Mar 8, 2024.
             Mangled by an ogre
             ... wielding a +0 giant club
              (31 damage)
             ... on level 4 of the Dungeon.
             The game lasted 00:03:16 (3857 turns).

CougarLife the Digger (Gargoyle Earth Elementalist) Turns: 3857, Time: 00:03:16

Health: -10/32     AC:  7    Str: 12    XL:     6   Next: 42%
Magic:  5/11       EV: 11    Int: 17    God:
Gold:   135        SH:  0    Dex: 10    Spells: 8/12 levels left

rFire   . . .        l - +2 dagger (speed)
rCold   . . .        (no shield)
rNeg    + . .        a - +0 robe
rPois   ∞            (no helmet)
rElec   +            q - +0 cloak
rCorr   .            (no gloves)
SInv    .            (no boots)
Will    .....        (no amulet)
Stlth   ++           (no ring)
HPRegen 0.25/turn    (no ring)
MPRegen 0.12/turn

%: no passive effects
@: no status effects
A: sickness immunity, AC +4, negative energy resistance 1, electricity
resistance, torment resistance 1, petrification resistance
a: no special abilities


You were on level 4 of the Dungeon.
You visited 1 branch of the dungeon, and saw 4 of its levels.

You collected 135 gold pieces.

Inventory:

Hand Weapons
 l - a +2 dagger of speed (weapon)
Armour
 a - a +0 robe (worn)
 e - a +2 cloak
 q - a +0 cloak (worn)
Wands
 t - a wand of charming (9)
 u - a wand of digging (6)
Scrolls
 f - 6 scrolls of identify {unknown}
 i - a scroll of teleportation {unknown}
 j - 3 scrolls of enchant armour {unknown}
 k - 2 scrolls of amnesia {unknown}
 o - 2 scrolls of enchant weapon {unknown}
 p - 2 scrolls of poison {unknown}
Potions
 b - a potion of magic
 c - 2 potions of heal wounds {unknown}
 d - a potion of berserk rage {unknown}
 g - a potion of ambrosia {unknown}
 h - 2 potions of attraction {unknown}
 m - a potion of might {unknown}
 n - a potion of lignification {unknown}
 r - a potion of enlightenment {unknown}
 s - a potion of mutation {unknown}


   Skills:
 - Level 1.5 Dodging
 - Level 2.1 Stealth
 + Level 3.8 Spellcasting
 + Level 3.9 Conjurations
 + Level 5.6 Earth Magic


You had 8 spell levels left.
You knew the following spells:

 Your Spells              Type           Power      Damage    Failure   Level
a - Sandblast             Erth           44%        2d11      1%          1
b - Stone Arrow           Conj/Erth      38%        3d9       7%          3

Your spell library contained the following spells:

 Spells                   Type           Power      Damage    Failure   Level
 Passwall                 Erth           22%        N/A       4%          3
 Brom's Barrelling Bould  Conj/Erth      19%        2d4       22%         4
 Fugue of the Fallen      Necr           3%         N/A       43%         3
 Inner Flame              Hex/Fire       3%         N/A       43%         3
 Ozocubu's Armour         Ice            3%         N/A       43%         3
 Petrify                  Alch/Erth      12%        N/A       45%         4
 Manifold Assault         Tloc           3%         N/A       85%         4
 Irradiate                Conj/Alch      5%         3d13      89%         5
 Ignition                 Fire           1%         3d3       100%        8


Dungeon Overview and Level Annotations

Branches:
Dungeon (4/15)
 Temple: D:4-7

Altars:
Dithmenos
Hepliaklqana


Innate Abilities, Weirdness & Mutations

You are immune to sickness and miasma.
Your stone body is resilient. (AC +4)
You are immune to poison.
You resist negative energy. (rN+)
You are resistant to electric shocks. (rElec)
You are resistant to unholy torment.
You are immune to petrification.


Message History

The blast of sand hits the orc priest.
The orc priest is moderately wounded.
The orc priest shouts!
An orc comes into view. It is wielding a +0 dagger.
The orc moves out of view.
The blast of sand hits the orc priest!
You kill the orc priest!
You can't see any susceptible monsters within range! (Use Z to cast anyway.)
You can't see any susceptible monsters within range! (Use Z to cast anyway.)
A quokka comes into view.
A quokka is nearby!
A quokka is nearby!
Things that are here:
a +0 trident; an orc corpse The blast of sand misses the quokka.
The quokka bites you but does no damage.
The blast of sand hits the quokka!
You kill the quokka!
You can't see any susceptible monsters within range! (Use Z to cast anyway.)
An ogre comes into view. It is wielding a +0 giant club.
An ogre is nearby!
Found a +0 dagger.
The blast of sand hits the ogre.
The ogre is lightly wounded.
The blast of sand hits the ogre!
The ogre is heavily wounded.
An ufetubus comes into view.
The blast of sand misses the ogre.
The ufetubus shouts!
The ogre hits you with a +0 giant club!
There are monsters nearby!
Casting: Sandblast (safe; 1% risk of failure)
Confirm with . or Enter, or press ? or * to list all spells.
Aiming: Stone Arrow (quite dangerous; 7% risk of failure)
Press: ? - help, Shift-Dir - straight line, f/p - ogre
Aim: an ogre, wielding a +0 giant club (heavily wounded, 85% to hit)
The stone arrow misses the ogre.
The ogre hits you with a +0 giant club!!
Ouch! That really hurt!
You die...

)..# #..# #
#..# # #.
##5.# .#
#.##.?.###..#
#...........
#..O..##.#
#..@...#.##
#.........#
#......#..#
#......#..#
######.#>.#
#.#..#
#.#..###
#.#....# ..
#)#.†..####.#


You could see an ogre and an ufetubus.

Vanquished Creatures
  A scorpion (D:4)
  An orc priest (D:4)
  Terence (D:3)
  2 orc wizards (D:3)
  3 gnolls (D:4)
  3 adders
  A ribbon worm (D:4)
  7 orcs
  7 ball pythons
  7 bats
  5 endoplasms
  6 giant cockroaches
  5 goblins
  5 hobgoblins
  8 jackals
  6 quokkas
  3 frilled lizards
  3 kobolds
  8 rats
82 creatures vanquished.

Notes
Turn   | Place    | Note
-------+----------+-------------------------------------------
     0 | D:1      | CougarLife the Gargoyle Earth Elementalist began the quest
                  | for the Orb.
     0 | D:1      | Reached XP level 1. HP: 10/10 MP: 3/3
   189 | D:1      | Reached XP level 2. HP: 15/15 MP: 3/5
   484 | D:1      | Reached skill level 4 in Earth Magic
   962 | D:2      | Reached XP level 3. HP: 19/19 MP: 4/6
  1934 | D:3      | Reached XP level 4. HP: 24/24 MP: 6/8
  2128 | D:3      | Found a faded altar of an unknown god.
  2176 | D:3      | Noticed Terence
  2222 | D:3      | Learned a level 3 spell: Stone Arrow
  2405 | D:3      | Killed Terence
  2474 | D:3      | Found a shadowy altar of Dithmenos.
  2532 | D:3      | Reached XP level 5. HP: 28/28 MP: 7/9
  2549 | D:3      | Found a hazy altar of Hepliaklqana.
  2609 | D:3      | Reached skill level 5 in Earth Magic
  3553 | D:4      | Reached XP level 6. HP: 29/32 MP: 2/11
  3857 | D:4      | Mangled by an ogre

Illustrated notes

Levels and vault maps discovered:
D:1:      dpeg_arrival_ratfight, layout_rooms
D:2:      layout_loops_corners
D:3:      layout_basic, nicolae_dithmenos_the_darkroom,
          nicolae_hepliaklqana_hazy_memory,
          hellmonk_ecumenical_altar_pennies_from_heaven,
          hangedman_abyss_or_decor_lesser_grid, uniq_terence
D:4:      layout_loops_ring

Skill      XL: |  1  2  3  4  5 |
---------------+----------------+-----
Earth Magic    | 4 5 |  5.6
Conjurations   | 2 3 |  3.9
Spellcasting   | 3 |  3.8
Dodging        | |  1.5
Stealth        | |  2.1

Action                     |  1- 3 |  4- 6 || total
---------------------------+-------+-------++-------
  Melee: Unarmed           |     9 |       ||     9
         Dagger            |     9 |    16 ||    25
   Cast: Sandblast         |    52 |    73 ||   125
         Stone Arrow       |       |     3 ||     3
 Armour: Robe              |    20 |    44 ||    64
  Dodge: Dodged            |    22 |    25 ||    47

Table legend: (Time is in decaauts)
 A = Elapsed time spent in this place.
 B = Non-inter-level travel time spent in this place.
 C = Inter-level travel time spent in this place.
 D = Time resting spent in this place.
 E = Time spent auto-exploring this place.
 F = Levels seen in this place.
 G = Mean time per level.
                   A        B        C        D        E       F      G
               +--------+--------+--------+--------+--------+-----+--------+
         Total |   3912 |   3794 |    118 |    340 |   2956 |   4 |  978.0 |
       Dungeon |   3912 |   3794 |    118 |    340 |   2956 |   4 |  978.0 |
               +--------+--------+--------+--------+--------+-----+--------+

Top non-repeatable levels by time:
     D:3: 1625 daAuts
     D:2: 1121 daAuts
     D:1: 803 daAuts
     D:4: 361 daAuts
